 Dungeon Crawl Stone Soup version 0.21-a0-150-gc243083 (webtiles) character file.

213 sscrono2 the Cutter (level 5, -6/34 HPs)
             Began as an Octopode Assassin on July 26, 2017.
             Shot with a bolt by a big kobold (12 damage)
             ... in a sewer.
             The game lasted 00:04:11 (2463 turns).

sscrono2 the Cutter (Octopode Assassin)             Turns: 2463, Time: 00:04:12

Health: -6/34      AC:  3    Str: 10 (11) XL:     5   Next: 90%
Magic:  5/5        EV: 12    Int: 16 (19) God:
Gold:   93         SH:  0    Dex: 12 (13) Spells: 4/4 levels left

rFire    + . .     SeeInvis .   o - -3 dagger (curse)
rCold    + . .     Gourm    .   (no shield)
rNeg     . . .     Faith    .   m - +2 hat
rPois    +         Spirit   .   (no amulet)
rElec    +         Reflect  .   e - ring of flight
rCorr    +         Harm     .   (no ring)
MR       .....                  (no ring)
Stlth    +++++.....             (no ring)
HPRegen  0.11/turn              (no ring)
MPRegen  0.09/turn              (no ring)
                                (no ring)
                                (no ring)

@: brilliant, resistant
A: almost no armour, stealthy swim, amphibious, 8 rings, constrict 8, camouflage
1, gelatinous body 1
a: Evoke Flight


You were in a sewer.
You were not hungry.

You visited 1 branch of the dungeon, and saw 3 of its levels.
You also visited: Sewer.

You collected 93 gold pieces.

Inventory:

Hand Weapons
 a - a +2 dagger
 b - a +0 blowgun
 o - a cursed -3 dagger (weapon)
Missiles
 c - 19 poisoned needles
 d - 2 curare-tipped needles
 h - a throwing net (quivered)
Armour
 m - a +2 hat (worn)
Jewellery
 e - a ring of flight (left tentacle)
Wands
 r - a wand of disintegration (2/24)
Comestibles
 f - 2 bread rations
 i - 3 chunks of flesh
 k - 2 royal jellies


   Skills:
 - Level 2.0 Fighting
 + Level 5.9 Short Blades
 - Level 2.0 Throwing
 - Level 1.0 Dodging
 - Level 5.3 Stealth


You had 4 spell levels left.
You didn't know any spells.

Dungeon Overview and Level Annotations

Branches:
Dungeon (3/15)

Altars:


Innate Abilities, Weirdness & Mutations

You cannot wear most types of armour.
You are very stealthy in the water. (Stealth+)
You are amphibious.
You can wear up to eight rings at the same time.
You can use your tentacles to constrict eight enemies at once.
Your skin changes colour to match your surroundings (Stealth+).
Your rubbery body absorbs attacks. (AC +1, EV +1)


Message History

You hit the big kobold but do no damage.
Your grab misses the big kobold.
The big kobold is heavily wounded.
The big kobold closely misses you.
You hit the big kobold but do no damage.
Your grab misses the big kobold.
The big kobold is heavily wounded.
The kobold hits you with a club.
* * * LOW HITPOINT WARNING * * *
The big kobold splashes around in the water.
As you read the scroll labeled NEL RAPIQU, it crumbles to dust.
It is a scroll of amnesia.
You feel forgetful for a moment. The kobold barely misses you.
The big kobold splashes around in the water.
The kobold throws a stone.
The stone barely misses you. The big kobold barely misses you.
You see here a bolt.
The big kobold wields an uncursed enchanted hand crossbow.
The big kobold shoots a bolt.
The bolt hits you!
You die...

##....≈≈≈.# #......≈..#
#..K....# ####K####
#..≈(.≈.# #..K≈KK≈#
#.≈≈(≈≈.# #≈≈≈≈≈≈.#
#≈≈≈≈≈@.# #(≈((≈≈.#
#..≈≈≈≈≈#
#≈≈≈≈≈≈≈###############
#≈.≈≈≈≈≈≈≈≈≈≈≈≈≈≈≈≈≈≈≈≈
#..≈≈≈..###############
##≈≈≈≈.## #.≈≈≈.#
###.≈≈≈.#


You could see a big kobold and 4 kobolds.

Vanquished Creatures
  The ghost of cerealjynx the Ducker, an amateur DEMo (D:3)
  2 river rats
  3 adders
  2 oozes
  3 worms (D:2)
  A dart slug (D:1)
  2 leopard geckos
  6 orcs (D:3)
  3 giant cockroaches
  8 goblins
  2 hobgoblins
  10 jackals
  6 kobolds
  2 ball pythons (D:3)
  4 bats
  4 frilled lizards
  14 rats
73 creatures vanquished.

Notes
Turn   | Place    | Note
-------+----------+-------------------------------------------
     0 | D:1      | sscrono2 the Octopode Assassin began the quest for the Orb.
     0 | D:1      | Reached XP level 1. HP: 14/14 MP: 1/1
   408 | D:1      | Reached XP level 2. HP: 19/19 MP: 2/2
  1007 | D:1      | Reached XP level 3. HP: 24/24 MP: 3/3
  1606 | D:2      | Reached XP level 4. HP: 29/29 MP: 4/4
  1854 | D:3      | Noticed cerealjynx's ghost (amateur DEMo)
  1859 | D:3      | Killed cerealjynx's ghost
  1859 | D:3      | Reached skill level 5 in Short Blades
  1859 | D:3      | Reached XP level 5. HP: 31/34 MP: 5/5
  2315 | D:3      | Found a glowing drain.
  2323 | Sewer    | Entered a sewer
  2389 | Sewer    | Noticed a big kobold
  2463 | Sewer    | Shot with a bolt by a big kobold

Vault maps used:
D:1:      scummos_arrival_gate, minmay_misc_feat_ornament
D:3:      portal_sewer_entry_e
Sewer:    sewer_kobolds

Skill      XL: |  1  2  3  4 |
---------------+-------------+-----
Short Blades   | 3 4 5 |  5.9
Fighting       | |  2.0
Throwing       | |  2.0
Dodging        | |  1.0
Stealth        | |  5.3

Action                   |  1- 3 |  4- 6 || total
-------------------------+-------+-------++-------
Melee: Dagger            |    79 |   154 ||   233
       Constrict         |    14 |    25 ||    39
       Tentacles         |    10 |    16 ||    26
Evoke: Wand              |       |     5 ||     5
  Use: Scroll            |     2 |     1 ||     3
       Potion            |       |     6 ||     6
 Stab: Sleeping          |    13 |    14 ||    27
  Eat: Chunk             |     2 |     3 ||     5
Armor: Skin              |     4 |    79 ||    83
Dodge: Dodged            |    35 |    73 ||   108
